cohdb
Replays
Latest Replays
All Replays
Popular Replays
Top Player Replays
Match Explorer
How It Works
Community
CoH3 Stats
Reddit
Sign in to upload your games and track your stats! →
Sign in with Steam
Match 41981450
Unlisted
Match 41981450
Overview
Messages
Build Orders
End
Construct Infanterie Kompanie
MG 42 Machine Gun Team
Grenadier Squad
Grenadier Squad
Construct Panzergrenadier Kompanie
Selects Mechanized Battlegroup
Selects Mobile Repair Stations
251 Medium Carrier
Panzergrenadier Officer Quarters
Medical Bunker
Panzergrenadier Squad
Selects Wespe Self-propelled Artillery
Wespe Self-propelled Artillery
Support Elements
Panzergrenadier Squad
StuG III G Assault Gun
Selects Raid Package
Nebelwerfer 42 Rocket Launcher Team
Selects StuG Assault Group
251 Medium Carrier
Side Skirts
Grenadier Squad
Wespe Self-propelled Artillery
Yellowdurr
[82AD] PaulVmax
Gumshoe.Cambro
Hålken
Klement
CrackSensation
0
0
Comments
sign in to comment!
No comments posted yet!